 Dungeon Crawl Stone Soup version 0.23.2-40-g277498a (webtiles) character file.

Game seed: 1926169599838796447

297 Aphrodieselac the Charmwright (level 6, -1/44 HPs)
             Began as a Merfolk Skald on Aug 15, 2019.
             Was a Believer of Nemelex Xobeh.
             Slain by a centaur zombie (3 damage)
             ... in an ossuary.
             The game lasted 00:16:26 (3322 turns).

Aphrodieselac the Charmwright (Merfolk Skald)       Turns: 3322, Time: 00:16:27

Health: -1/44      AC:  4    Str: 12    XL:     6   Next: 35%
Magic:  7/9        EV: 12    Int: 14    God:    Nemelex Xobeh [**....]
Gold:   101        SH:  0    Dex: 13    Spells: 1/9 levels left

rFire    . . .     SeeInvis .   n - +0 trident
rCold    . . .     Gourm    .   (no shield)
rNeg     . . .     Faith    .   b - +1 leather armour
rPois    .         Spirit   .   (no helmet)
rElec    .         Reflect  .   (no cloak)
rCorr    .         Harm     .   (no gloves)
MR       .....                  (no boots)
Stlth    +.........             (no amulet)
HPRegen  0.14/turn              (no ring)
MPRegen  0.11/turn              (no ring)

@: singing
A: change form in water, swift swim, stealthy swim
a: Draw Escape, Draw Destruction, Draw Summoning, Renounce Religion


You were in an ossuary.
You worshipped Nemelex Xobeh.
Nemelex Xobeh was pleased with you.
You were not hungry.

You visited 1 branch of the dungeon, and saw 4 of its levels.
You also visited: Ossuary.

You collected 101 gold pieces.

Inventory:

Hand Weapons
 n - a +0 trident (weapon)
Armour
 b - a +1 leather armour (worn)
 l - a +0 ring mail of cold resistance
Jewellery
 o - an uncursed amulet of guardian spirit
Scrolls
 f - a scroll of identify
 q - 2 scrolls of fog {unknown}
Potions
 h - a potion of heal wounds
 i - 3 potions of berserk rage {unknown}
 k - 2 potions of curing {unknown}
 r - a potion of mutation {unknown}
Comestibles
 d - 10 rations


   Skills:
 - Level 2.1 Fighting
 + Level 5.9 Polearms
 - Level 0.6 Armour
 - Level 2.6 Dodging
 - Level 2.0 Spellcasting
 * Level 6.5 Charms


You had one spell level left.
You knew the following spells:

 Your Spells              Type           Power        Failure   Level  Hunger
a - Infusion              Chrm           ###.         1%          1    ##.....
b - Song of Slaying       Chrm           ###.....     3%          2    ###....
c - Shroud of Golubria    Chrm/Tloc      ##........   12%         2    ###....
d - Spectral Weapon       Hex/Chrm       ##......     24%         3    ####...

Your spell library contained the following spells:

 Spells                   Type           Power        Failure   Level  Hunger
 Regeneration             Chrm/Necr      ##........   24%         3    ####...


Dungeon Overview and Level Annotations

Branches:
Dungeon (4/15)
 Temple: D:4-7

Altars:
Makhleb
Nemelex Xobeh


Message History

You closely miss the mummy.
The mummy is moderately damaged.
The centaur zombie hits you but does no damage.
The mummy hits you!
* * * LOW HITPOINT WARNING * * *
The goblin zombie hits you.
* * * LOW HITPOINT WARNING * * *
The centaur zombie barely misses you.
You draw a card...
You have drawn the Orb.
Press: ? - help, Shift-Dir - straight line, f - mummy
Aim: a mummy (moderately damaged)
The orb of energy hits the centaur zombie!
The centaur zombie is moderately damaged.
The centaur zombie misses you. The goblin zombie closely misses you.
You draw a card...
You have drawn the Rangers.
The centaur zombie closely misses you. The centaur zombie hits you.
You die...
Your body disappears without a glow.

##### ##...##
##.....##
#...∩...#
#...c...#
#.@cc...#
##ZZZ..##
##Z..## #M..#
#...#
........
#.........#
#...........#
##.........##


You could see a mummy, a goblin zombie, a gnoll zombie, an elf zombie, a centaur
zombie, a friendly faun and 2 friendly yaktaurs.

Vanquished Creatures
  A hound (D:2)
  2 mummies
  4 adders
  An ooze (D:2)
  5 worms
  A dart slug (D:2)
  A leopard gecko (D:3)
  2 orcs
  3 bats
  A giant cockroach (D:2)
  4 goblins
  11 hobgoblins
  4 jackals
  A ball python (D:1)
  3 frilled lizards
  A hobgoblin zombie (Ossuary)
  4 kobolds
  An orc zombie (Ossuary)
  6 rats
56 creatures vanquished.

Vanquished Creatures (collateral kills)
  Sigmund (D:3)
  A centaur skeleton (D:3)
  2 adders (D:3)
  A giant cockroach (D:3)
  A bat (D:3)
  A frilled lizard (D:3)
7 creatures vanquished.

Grand Total: 63 creatures vanquished

Notes
Turn   | Place    | Note
-------+----------+-------------------------------------------
     0 | D:1      | Aphrodieselac the Merfolk Skald began the quest for the
                  | Orb.
     0 | D:1      | Reached XP level 1. HP: 16/16 MP: 3/3
   196 | D:1      | Found a sparkling altar of Nemelex Xobeh.
   200 | D:1      | Became a worshipper of Nemelex Xobeh the Trickster
   208 | D:1      | Received a gift from Nemelex Xobeh
   715 | D:1      | Reached XP level 2. HP: 11/22 MP: 5/5
   898 | D:1      | Received a gift from Nemelex Xobeh
   990 | D:1      | Reached * piety under Nemelex Xobeh
  1181 | D:2      | Reached skill level 4 in Charms
  1548 | D:2      | Found a faded altar of an unknown god.
  1586 | D:2      | Reached XP level 3. HP: 27/27 MP: 6/6
  1725 | D:2      | Found a burning altar of Makhleb.
  1741 | D:2      | Reached XP level 4. HP: 14/33 MP: 1/7
  1851 | D:2      | Learned a level 2 spell: Song of Slaying
  1854 | D:2      | Learned a level 2 spell: Shroud of Golubria
  2194 | D:2      | Reached skill level 5 in Charms
  2208 | D:2      | Received a gift from Nemelex Xobeh
  2490 | D:3      | Reached XP level 5. HP: 34/38 MP: 8/8
  2552 | D:3      | Noticed Sigmund
  2559 | D:3      | Killed Sigmund
  2559 | D:3      | Reached skill level 5 in Polearms
  2559 | D:3      | Reached skill level 6 in Charms
  2559 | D:3      | Reached XP level 6. HP: 24/44 MP: 5/9
  2642 | D:3      | Reached ** piety under Nemelex Xobeh
  3095 | D:4      | Found a sand-covered staircase.
  3105 | Ossuary  | Entered an ossuary
  3110 | Ossuary  | Learned a level 3 spell: Spectral Weapon
  3318 | Ossuary  | HP: 1/44 [goblin zombie (2)]
  3322 | Ossuary  | Slain by a centaur zombie

Skill      XL: |  1  2  3  4  5 |
---------------+----------------+-----
Charms         | 4 5 6 |  6.5
Polearms       | 4 5 |  5.9
Fighting       | |  2.1
Armour         | |  0.6
Dodging        | |  2.6
Spellcasting   | |  2.0

Action                   |  1- 3 |  4- 6 || total
-------------------------+-------+-------++-------
Melee: Spear             |   101 |    11 ||   112
       Trident           |       |    96 ||    96
 Cast: Infusion          |     4 |     8 ||    12
       Shroud of Golubri |       |     1 ||     1
       Song of Slaying   |       |     1 ||     1
 Abil: Draw Destruction  |     1 |     3 ||     4
       Draw Summoning    |       |     3 ||     3
  Use: Scroll            |       |     7 ||     7
 Stab: Sleeping          |       |     2 ||     2
  Eat: Chunk             |     3 |     5 ||     8
Armor: Leather armour    |    18 |    24 ||    42
Dodge: Dodged            |    33 |    52 ||    85
